 Dungeon Crawl Stone Soup version 0.20-a0-850-ge5a7832 (webtiles) character file.

170 HarryHood the Skirmisher (level 5, -3/75 HPs)
             Began as a Minotaur Berserker on Mar 10, 2017.
             Was a Believer of Trog.
             Killed from afar by an orc wizard (8 damage)
             ... with a puff of flame
             ... on level 3 of the Dungeon.
             The game lasted 00:06:17 (1602 turns).

HarryHood the Skirmisher (Minotaur Berserker)       Turns: 1602, Time: 00:06:18

Health: -3/75      AC: 22    Str: 22    XL:     5   Next: 25%
Magic:  4/4        EV:  2    Int:  4    God:    Trog [**....]
Gold:   87         SH:  7    Dex: 10    Spells: 4/4 levels left

rFire    . . .     SeeInvis .   a - +0 mace
rCold    . . .     Gourm    .   (armour currently unavailable)
rNeg     + + +     Faith    .   d - +0 shield
rPois    +         Spirit   .   (helmet currently unavailable)
rElec    .         Reflect  .   (cloak currently unavailable)
rCorr    .         Harm     .   (gloves currently unavailable)
MR       .....     NoTele   +   (boots currently unavailable)
Stlth    +.........             (no amulet)
Regen    0.3/turn               (no ring)
MPRegen  0.1/turn               j - +4 ring of slaying

@: tree-form (expiring), drained
A: (retaliatory headbutt), (horns 0)
a: Berserk, Trog's Hand, Burn Spellbooks, Renounce Religion


You were on level 3 of the Dungeon.
You worshipped Trog.
Trog was pleased with you.
You were not hungry.
You were a tree.
You visited 1 branch of the dungeon, and saw 3 of its levels.

You collected 87 gold pieces.

Inventory:

Hand Weapons
 a - a +0 mace (weapon)
Armour
 d - a +0 shield (worn)
 g - a +0 cloak (melded)
 h - a +0 ring mail (melded)
Jewellery
 j - a +4 ring of slaying (left branch)
Scrolls
 r - 3 scrolls of identify {@r1}
Potions
 e - a potion of invisibility
 f - 3 potions of curing {unknown}
 k - a potion of lignification {!q}
 n - a potion of might {unknown}
Comestibles
 b - 2 royal jellies {@e3}
 c - 2 bread rations {@e1}


   Skills:
 - Level 6.1(5.9) Fighting
 * Level 5.3(5.2) Maces & Flails
 - Level 2.4(2.3) Armour
 - Level 2.1(2.0) Dodging


You had 4 spell levels left.
You didn't know any spells.

Dungeon Overview and Level Annotations

Branches:
Dungeon (3/15)

Altars:
Gozag


Innate Abilities, Weirdness & Mutations

((You reflexively headbutt those who attack you in melee.))
((You have a pair of horns on your head.))


Message History

* * * LOW HITPOINT WARNING * * *
A goblin comes into view. It is wielding a club.
You hit the orc priest.
Your transformation is almost over.
The orc priest hits you but does no damage.
The orc wizard hits you but does no damage.
The orc hits you but does no damage.
You hit the orc priest.
The orc priest hits you but does no damage.
You block the orc wizard's attack. The orc hits you but does no damage.
The orc wizard hits you but does no damage.
The orc priest looks satisfied for a moment.
You sock the orc priest!
You kill the orc priest!
Trog accepts your kill.
Your Maces & Flails skill increases to level 5!
You block the orc's attack.
The orc wizard points at you and mumbles some strange words.
The puff of flame hits you!
You die...

####...##.... ##
.>.........# #.##
..........##
...##...........
#..#(..Kg..(.###
..##...!.........
..............###.
#...(o.....(..o
...#..<(♣[....#
#....†(o†)...#
.....#..).#(####
..........(†#
.#.#........#
..............
.#.#...........
...............
#.#........[..l


You could see an orc wizard, an orc, a goblin and a kobold.

Vanquished Creatures
  Crazy Yiuf (D:2)
  An orc priest (D:3)
  4 adders (D:2)
  A worm (D:2)
  A dart slug (D:3)
  3 leopard geckos
  5 orcs (D:3)
  4 bats
  5 giant cockroaches
  11 goblins
  7 hobgoblins
  8 kobolds
  A quokka (D:2)
  7 frilled lizards
  4 rats
63 creatures vanquished.

Notes
Turn   | Place    | Note
-------+----------+-------------------------------------------
     0 | D:1      | HarryHood the Minotaur Berserker began the quest for the Orb.
     0 | D:1      | Reached XP level 1. HP: 19/19 MP: 0/0
    38 | D:1      | Reached skill level 4 in Fighting
   128 | D:1      | Reached XP level 2. HP: 22/27 MP: 1/1
   603 | D:1      | Reached skill level 5 in Fighting
   655 | D:1      | Reached XP level 3. HP: 31/36 MP: 2/2
   662 | D:1      | Reached ** piety under Trog
   774 | D:2      | Found an opulent altar of Gozag.
  1103 | D:2      | Reached XP level 4. HP: 40/44 MP: 3/3
  1178 | D:2      | Reached skill level 6 in Fighting
  1446 | D:2      | Found a runed door.
  1450 | D:2      | Noticed Crazy Yiuf
  1456 | D:2      | Killed Crazy Yiuf
  1456 | D:2      | Reached skill level 4 in Maces & Flails
  1585 | D:3      | Reached XP level 5. HP: 17/50 MP: 4/4
  1587 | D:3      | HP: 5/50 [orc priest/nerve-wracking pain (7)]
  1592 | D:3      | HP: 3/75 [orc priest (4)]
  1599 | D:3      | HP: 4/75 [orc/mace (1)]
  1602 | D:3      | Reached skill level 5 in Maces & Flails
  1602 | D:3      | Killed from afar by an orc wizard

Vault maps used:
D:1:      dpeg_arrival_morbid_curiosity
D:2:      grunt_gozag_statues, uniq_crazy_yiuf_cottage
D:3:      kennysheep_slug_shrine, gup_sewer_entry_pipe, serial_glass,
          glass_columns_c, glass_columns_b

Skill      XL: |  1  2  3  4  5 |
---------------+----------------+-----
Fighting       | 4 5 6 |  6.1
Maces & Flails | 4 5 |  5.3
Armour         | |  2.4
Dodging        | |  2.1

Action                   |  1- 3 |  4- 6 || total
-------------------------+-------+-------++-------
Melee: Mace              |    81 |    39 ||   120
       Headbutt          |    12 |     6 ||    18
Invok: Berserk           |       |     1 ||     1
  Use: Scroll            |     7 |       ||     7
       Potion            |       |     1 ||     1
  Eat: Chunk             |     1 |     2 ||     3
Armor: Ring mail         |    56 |    17 ||    73
       Animal skin       |     1 |       ||     1
       Skin              |       |    24 ||    24
Dodge: Dodged            |    58 |    21 ||    79
Block: Shield            |    44 |    13 ||    57
